 Dungeon Crawl Stone Soup version 0.28-a0-751-gef3a642a4e (webtiles) character file.

Game seed: 11531362985393747890

2 RepHenryClay the Skirmisher (level 1, -1/21 HPs)
             Began as a Naga Fighter on Oct 30, 2021.
             Slain by a hobgoblin (3 damage)
             ... on level 1 of the Dungeon.
             The game lasted 00:00:20 (110 turns).

RepHenryClay the Skirmisher (Naga Fighter)           Turns: 110, Time: 00:00:20

Health: -1/21      AC:  3    Str: 18    XL:     1   Next: 30%
Magic:  1/1        EV:  7    Int:  8    God:
Gold:   6          SH:  4    Dex: 10    Spells: 0/0 levels left

rFire   . . .      SeeInvis +   a - +0 war axe
rCold   . . .      Faith    .   c - +0 buckler
rNeg    . . .      Spirit   .   b - +0 scale mail
rPois   +          Reflect  .   (no helmet)
rElec   .          Harm     .   (no cloak)
rCorr   .          Rampage  .   (no gloves)
Will    .....                   (no barding)
Stlth   ..........              (no amulet)
HPRegen 0.07/turn               (no ring)
MPRegen 0.07/turn               (no ring)

@: very slow
A: AC +0, large, see invisible, deformed body, poison resistance, slowness 2,
spit poison 1, naga tail 1
a: Spit Poison


You were on level 1 of the Dungeon.
You visited 1 branch of the dungeon, and saw 1 of its levels.

You collected 6 gold pieces.

Inventory:

Hand Weapons
 a - a +0 war axe (weapon)
Armour
 b - a +0 scale mail (worn)
 c - a +0 buckler (worn)
Scrolls
 e - a scroll of teleportation {unknown}
 g - a scroll of fear {unknown}
 i - a scroll of magic mapping {unknown}
Potions
 d - a potion of might
 f - a potion of flight {unknown}
 h - a potion of haste {unknown}


   Skills:
 - Level 3.0 Fighting
 + Level 2.2 Axes
 - Level 2.4 Armour
 - Level 2.4 Shields


You couldn't memorise any spells.
You didn't know any spells.
Your spell library was empty.

Dungeon Overview and Level Annotations

Branches:
Dungeon (1/15)

Altars:


Innate Abilities, Weirdness & Mutations

Your serpentine skin is tough. (AC +0)
You have supernaturally acute eyesight. (SInv)
Armour fits poorly on your strangely shaped body.
Your system is resistant to poisons. (rPois)
You cover ground very slowly.
You can spit poison.
You have a snake-like lower body.


Message History

Damage: -5%(-1hp) hp: 29%(6hp)
You hit the goblin but do no damage.
The goblin is severely wounded.
The goblin hits you with a +0 dagger.
* * * LOW HITPOINT WARNING * * *
Damage: -5%(-1hp) hp: 24%(5hp)
You closely miss the goblin.
The goblin is heavily wounded.
The goblin hits you with a +0 dagger.
* * * LOW HITPOINT WARNING * * *
Damage: -4%(-1hp) hp: 20%(4hp) Unknown command.
You closely miss the goblin.
The goblin is heavily wounded.
The goblin hits you but does no damage. The goblin barely misses you.
You barely miss the goblin.
The goblin is moderately wounded.
You have got your breath back.
The goblin barely misses you.
You closely miss the goblin.
The goblin is moderately wounded.
The goblin hits you with a +0 dagger.
* * * LOW HITPOINT WARNING * * *
The goblin hits you but does no damage.
Huge Dmg: -5%(-1hp) hp: 15%(3hp)
The goblin hits you but does no damage.
Press: ? - help, Shift-Dir - straight line, f - goblin, p - goblin
Aim: a goblin, wielding a +0 dagger The splash of poison hits the goblin.
The goblin is poisoned.
The goblin is heavily wounded.
The goblin hits you with a +0 dagger.
* * * LOW HITPOINT WARNING * * *
Unknown command.
The goblin hits you with a +0 dagger.
* * * LOW HITPOINT WARNING * * *
Huge Dmg: -5%(-1hp) hp: 10%(2hp)
You kill the goblin!
You have got your breath back.
The hobgoblin hits you.
You die...

.###...####
..........####
.........g'..#
.........g##.#
..........##.#
############g# #.#
#####################g#
.................@g.#.#
.###.##############g#.#
#.## #...# #..# ###
###.# ##.#
#####.#######
##∩#####.#.#∩#..)♣#
##......#∩#........♣#
#...............♣...#
#..................♣#


You could see a hobgoblin and a goblin.

Vanquished Creatures
  A goblin (D:1)
  A rat (D:1)
2 creatures vanquished.

Notes
Turn   | Place    | Note
-------+----------+-------------------------------------------
     0 | D:1      | RepHenryClay the Naga Fighter began the quest for the Orb.
     0 | D:1      | Reached XP level 1. HP: 21/21 MP: 1/1
   110 | D:1      | Slain by a hobgoblin

Illustrated notes

Levels and vault maps discovered:
D:1:      nzn_arrival_settlement, layout_basic, chequers_serial_rivers_small_b,
          st_stairs_11

Action                   || total
-------------------------++-------
Melee: War axe           ||    14
 Abil: Spit Poison       ||     2
Armor: Scale mail        ||     9
Dodge: Dodged            ||     5
Block: Buckler           ||     4

Table legend: (Time is in decaauts)
 A = Elapsed time spent in this place.
 B = Non-inter-level travel time spent in this place.
 C = Inter-level travel time spent in this place.
 D = Time resting spent in this place.
 E = Time spent auto-exploring this place.
 F = Levels seen in this place.
 G = Mean time per level.
                   A        B        C        D        E       F      G
               +--------+--------+--------+--------+--------+-----+--------+
         Total |    150 |    150 |      0 |      0 |     95 |   1 |  150.0 |
       Dungeon |    150 |    150 |      0 |      0 |     95 |   1 |  150.0 |
               +--------+--------+--------+--------+--------+-----+--------+

Top non-repeatable levels by time:
     D:1: 150 daAuts
